 Dungeon Crawl Stone Soup version 0.30-a0-394-g3e4acdb0ae (webtiles) character file.

Game seed: 17630525427453304454

451 bande the Covered (level 7, -3/44 HPs)
             Began as a Gargoyle Fighter on Dec 6, 2022.
             Was a Follower of Okawaru.
             Splashed by a jelly's acid (7 damage)
             ... on level 5 of the Dungeon.
             The game lasted 00:06:21 (3470 turns).

bande the Covered (Gargoyle Fighter)                Turns: 3470, Time: 00:06:21

Health: -3/44      AC:  5    Str: 19    XL:     7   Next: 4%
Magic:  8/8        EV:  7    Int:  9    God:    Okawaru [*.....]
Gold:   243        SH:  4    Dex: 11    Spells: 6/6 levels left

rFire   . . .      SeeInvis .    a - +1 war axe (drain)
rCold   . . .      Faith    .    c - +0 buckler
rNeg    + . .      Spirit   .    q - +0 chain mail
rPois   ∞          Reflect  .    t - +1 hat
rElec   +          Harm     .    (no cloak)
rCorr   .          Rampage  .    m - +0 pair of gloves
Will    .....                    i - +0 pair of boots
Stlth   ..........               (no amulet)
HPRegen 0.27/turn                (no ring)
MPRegen 0.11/turn                (no ring)

@: corroded
A: sickness immunity, AC +4, negative energy resistance 1, electricity
resistance, torment resistance 1, petrification resistance
a: Renounce Religion, Heroism


You were on level 5 of the Dungeon.
You worshipped Okawaru.
Okawaru was aware of your devotion.
You visited 2 branches of the dungeon, and saw 6 of its levels.

You collected 243 gold pieces.

Inventory:

Hand Weapons
 a - a +1 war axe of draining (weapon)
 n - a +0 flail
 o - a +0 war axe
Armour
 c - a +0 buckler (worn)
 i - a +0 pair of boots (worn)
 m - a +0 pair of gloves (worn)
 q - a +0 chain mail (worn)
 t - a +1 hat (worn)
Jewellery
 k - an amulet of faith
 u - a ring of magical power
Scrolls
 e - a scroll of fog
 f - a scroll of fear
 j - a scroll of magic mapping
 l - 3 scrolls of amnesia
Potions
 b - a potion of mutation
 d - a potion of might
 g - a potion of invisibility {unknown}
 h - 3 potions of heal wounds
 p - a potion of magic {unknown}
 r - a potion of flight {unknown}
 s - 2 potions of haste
 v - a potion of ambrosia {unknown}


   Skills:
 + Level 4.5 Fighting
 + Level 4.7 Axes
 + Level 4.7 Armour
 - Level 0.6 Stealth
 + Level 3.7 Shields
 * Level 1.7 Invocations


You had 6 spell levels left.
You didn't know any spells.
Your spell library contained the following spells:

 Spells                   Type           Power      Damage    Failure   Level
 Ensorcelled Hibernation  Hex/Ice        0%         N/A       100%        2
 Passwall                 Tmut/Erth      0%         N/A       100%        2
 Portal Projectile        Hex/Tloc       0%         N/A       100%        3
 Swiftness                Air            0%         N/A       100%        3
 Blade Hands              Tmut           0%         N/A       100%        5
 Tukima's Dance           Hex            Unusable   N/A       N/A         3

Dungeon Overview and Level Annotations

Branches:
Dungeon (5/15)             Temple (1/1) D:4

Altars:
Okawaru
Ru
Sif Muna
Wu Jian
Zin

Shops:
D:2 :   D:4 ?


Innate Abilities, Weirdness & Mutations

You are immune to sickness and miasma.
Your stone body is resilient. (AC +4)
You are immune to poison.
You resist negative energy. (rN+)
You are resistant to electric shocks. (rElec)
You are resistant to unholy torment.
You are immune to petrification.


Message History

You enter the shallow water.
Moving in this stuff is going to be slow.
You see here 5 boomerangs.
Done exploring.
Done exploring.
Things that are here:
3 stones; a +0 short sword of flaming
There is a stone staircase leading down here.
You climb downwards.
There is a stone staircase leading up here.
A jelly comes into view.
A jelly is nearby!
The jelly hits you but does no damage.
You hit the jelly. The acid corrodes you!
Your hands burn!
The jelly is moderately wounded.
The jelly hits you but does no damage.
You hit the jelly. The acid corrodes you!
Your hands burn!
The jelly is moderately wounded.
You block the jelly's attack.
You hit the jelly but do no damage.
Your hands burn!
The jelly is moderately wounded.
The jelly hits you. The acid corrodes you!
You are splashed with acid!
A jelly is nearby!
A jelly is nearby!
You are too injured to fight recklessly!
You hit the jelly but do no damage.
Your hands burn!
The jelly is moderately wounded.
The jelly hits you.
You are splashed with acid.
You block the jelly's attack.
You slash the jelly!
Your hands burn!
* * * LOW HITPOINT WARNING * * *
The jelly is severely wounded.
The jelly barely misses you.
You hit the jelly but do no damage.
Your hands burn!
* * * LOW HITPOINT WARNING * * *
The jelly is severely wounded.
The jelly hits you but does no damage. The jelly attacks as you move away!
The jelly hits you.
* * * LOW HITPOINT WARNING * * *
You are splashed with acid!
You die...

.... #...# #
#..# #...#.##
#..###.<....#
#...#.....##.#
#...##.# ##.##
.# #..##.#
##.#J##
#..@..#
#..###.# ....#
.. ##### ##


You could see a jelly.

Vanquished Creatures
  Grinder (D:4)
  An orc priest (D:4)
  2 iguanas (D:4)
  2 orc wizards (D:4)
  2 adders
  2 ufetubi (D:4)
  2 worms
  A dart slug (D:3)
  8 orcs
  8 ball pythons
  9 bats
  6 endoplasms
  4 giant cockroaches
  9 goblins
  9 hobgoblins
  3 jackals
  9 kobolds
  6 quokkas
  5 frilled lizards
  3 rats
92 creatures vanquished.

Notes
Turn   | Place    | Note
-------+----------+-------------------------------------------
     0 | D:1      | bande the Gargoyle Fighter began the quest for the Orb.
     0 | D:1      | Reached XP level 1. HP: 14/14 MP: 1/1
    69 | D:1      | Reached XP level 2. HP: 12/19 MP: 2/2
   374 | D:1      | You fall into a shaft and drop 1 floor!
   407 | D:2      | Reached XP level 3. HP: 21/24 MP: 3/3
  1028 | D:2      | Found a faded altar of an unknown god.
  1109 | D:2      | Found Toinnoav's Vocational Training.
  1481 | D:3      | Reached XP level 4. HP: 24/29 MP: 4/4
  1992 | D:3      | Found a shimmering blue altar of Sif Muna.
  2579 | D:4      | Reached XP level 5. HP: 33/33 MP: 5/5
  2633 | D:4      | Found a sacrificial altar of Ru.
  2852 | D:4      | Found a staircase to the Ecumenical Temple.
  2865 | Temple   | Entered the Ecumenical Temple
  2871 | Temple   | Became a worshipper of Warmaster Okawaru
  2982 | D:4      | Reached XP level 6. HP: 31/38 MP: 6/6
  3141 | D:4      | Noticed Grinder
  3143 | D:4      | Paralysed by Grinder for 4 turns
  3158 | D:4      | Paralysed by Grinder for 5 turns
  3172 | D:4      | Killed Grinder
  3172 | D:4      | Reached * piety under Okawaru
  3173 | D:4      | Reached skill level 1 in Invocations
  3173 | D:4      | Reached XP level 7. HP: 28/44 MP: 6/8
  3407 | D:4      | Found Zoypoelu's Magic Scroll Boutique.
  3455 | D:5      | Entered Level 5 of the Dungeon
  3470 | D:5      | Splashed by a jelly's acid

Illustrated notes

Levels and vault maps discovered:
D:1:      dpeg_arrival_yet_another_circle, layout_rooms,
          minmay_misc_feat_enclosed, minmay_tetromino_t2
D:2:      minmay_alternating_diamond, layout_basic,
          ebering_ecumenical_altar_box, amcnicky_mini_pool_small,
          nicolae_shop_vocational
D:3:      layout_loops_ring, led_sif_book
D:4:      layout_basic, nicolae_ru_great_annihilating_truth,
          minmay_temple_entry_nine_rooms, serial_shops, nicolae_shop_waterfront,
          uniq_grinder
D:5:      layout_layer_cave, mainiacjoe_overflow_alcove_2,
          nicolae_hepliaklqana_monster_ancestors, mainiacjoe_overflow_paths
Temple:   hellmonk_temple_of_storms

Skill      XL: |  1  2  3  4  5  6 |
---------------+-------------------+-----
Axes           | 2 3 4 |  4.7
Armour         | 4 |  4.7
Fighting       | 4 |  4.5
Invocations    | 1 |  1.7
Stealth        | |  0.6
Shields        | |  3.7

Action                   |  1- 3 |  4- 6 |  7- 9 || total
-------------------------+-------+-------+-------++-------
Melee: War axe           |   137 |   133 |    17 ||   287
  Use: Scroll            |     9 |     3 |       ||    12
 Stab: Invisible         |       |     2 |       ||     2
       Paralysed         |       |       |     1 ||     1
Armor: Scale mail        |    59 |       |       ||    59
       Chain mail        |    24 |    78 |    19 ||   121
Dodge: Dodged            |    73 |    46 |     4 ||   123
Block: Buckler           |    28 |    14 |     7 ||    49

Table legend: (Time is in decaauts)
 A = Elapsed time spent in this place.
 B = Non-inter-level travel time spent in this place.
 C = Inter-level travel time spent in this place.
 D = Time resting spent in this place.
 E = Time spent auto-exploring this place.
 F = Levels seen in this place.
 G = Mean time per level.
                   A        B        C        D        E       F      G
               +--------+--------+--------+--------+--------+-----+--------+
         Total |   3585 |   3533 |     52 |    192 |   2311 |   6 |  597.5 |
       Dungeon |   3573 |   3521 |     52 |    192 |   2311 |   5 |  714.6 |
        Temple |     12 |     12 |      0 |      0 |      0 |   1 |   12.0 |
               +--------+--------+--------+--------+--------+-----+--------+

Top non-repeatable levels by time:
     D:4: 1121 daAuts
     D:3: 965 daAuts
     D:1: 765 daAuts
     D:2: 703 daAuts
     D:5: 16 daAuts
  Temple: 12 daAuts
